 Dungeon Crawl Stone Soup version 0.26.0-45-g9c1d065592 (webtiles) character file.

Game seed: 17277150955869794795

(classic levelgen) 109 thiole the Magician (level 4, -6/29 HPs)
             Began as an Octopode Hedge Wizard on Feb 1, 2021.
             Mangled by an orc
             ... wielding a +0 mace
              (7 damage)
             ... on level 3 of the Dungeon.
             The game lasted 00:02:48 (2745 turns).

thiole the Magician (Octopode Hedge Wizard)         Turns: 2745, Time: 00:02:48

Health: -6/29      AC:  1    Str:  9    XL:     4   Next: 90%
Magic:  0/8        EV: 13    Int: 17    God:
Gold:   86         SH:  0    Dex: 11    Spells: 4/9 levels left

rFire    . . .     SeeInvis .   n - +2 dagger (flame)
rCold    . . .     Faith    .   (no shield)
rNeg     . . .     Spirit   +   b - +0 hat
rPois    +         Reflect  .   l - amulet of guardian spirit
rElec    .         Harm     .   j - ring of poison resistance
rCorr    .         Rampage  .   (no ring)
Will     .....                  (no ring)
Stlth    +++.......             (no ring)
HPRegen  0.09/turn              (no ring)
MPRegen  0.11/turn              (no ring)
                                (no ring)
                                (no ring)

@: no status effects
A: almost no armour, stealthy swim, amphibious, 8 rings, constrict 8, camouflage
1, gelatinous body 1
a: no special abilities


You were on level 3 of the Dungeon.
You visited 1 branch of the dungeon, and saw 3 of its levels.

You collected 86 gold pieces.

Inventory:

Hand Weapons
 n - a +2 dagger of flaming (weapon)
 s - a cursed -1 hunting sling
Armour
 b - a +0 hat (worn)
Jewellery
 j - a ring of poison resistance (left tentacle)
 l - an amulet of guardian spirit (around mantle)
Scrolls
 c - a scroll of enchant armour {unknown}
 f - 2 scrolls of remove curse
 g - 5 scrolls of identify {unknown}
 h - 5 scrolls of teleportation {unknown}
 i - a scroll of amnesia {unknown}
 k - a scroll of magic mapping {unknown}
 m - 2 scrolls of blinking {unknown}
 q - a scroll of noise {unknown}
Potions
 a - a potion of flight {unknown}
 d - a potion of cancellation {unknown}
 e - a potion of might {unknown}
 p - a potion of curing {unknown}
 r - a potion of degeneration {unknown}


   Skills:
 - Level 2.0 Fighting
 + Level 2.4 Dodging
 - Level 2.8 Stealth
 - Level 3.0 Spellcasting
 - Level 3.0 Conjurations
 - Level 2.0 Summonings
 - Level 1.0 Translocations


You had 4 spell levels left.
You knew the following spells:

 Your Spells              Type           Power        Failure   Level
a - Magic Dart            Conj           48%          4%          1
b - Call Imp              Summ           9%           12%         2
c - Blink                 Tloc           N/A          17%         2

Your spell library contained the following spells:

 Spells                   Type           Power        Failure   Level
 Slow                     Hex            2%           26%         2
 Conjure Flame            Conj/Fire      7%           28%         3
 Mephitic Cloud           Conj/Pois/Air  5%           34%         3


Dungeon Overview and Level Annotations

Branches:
Dungeon (3/15)

Altars:
Fedhas
Sif Muna


Innate Abilities, Weirdness & Mutations

You cannot wear most types of armour.
You are very stealthy in the water. (Stealth+)
You are amphibious.
You can wear up to eight rings at the same time.
You can use your tentacles to constrict eight enemies at once.
Your skin changes colour to match your surroundings (Stealth+).
Your rubbery body absorbs attacks. (AC +1, EV +1)


Message History

You hit the leopard gecko. You burn the leopard gecko.
Your grab misses the leopard gecko.
The leopard gecko is severely wounded.
The orc wizard misses you. The leopard gecko misses you.
The orc wizard barely misses you.
You hit the leopard gecko. You burn the leopard gecko.
You kill the leopard gecko!
The orc wizard closely misses you.
You closely miss the orc wizard. Your grab misses the orc wizard.
The orc wizard is lightly wounded.
The orc wizard gestures at you while chanting.
The magic dart hits you! The orc hits you with a +0 mace.
The orc wizard gestures at you while chanting.
The magic dart hits you!
* * * LOW HITPOINT WARNING * * *
You hit the orc but do no damage. Your grab misses the orc.
The orc wizard hits you with a +0 dagger.
* * * LOW HITPOINT WARNING * * *
The orc hits you with a +0 mace!
You die...

#......# #......# ###
#......# ..# .......#
..#### ##'##### .....#
##.# .....# ##.# .....#
#..##############o....#
.............†..@o....#
................).).....
..################.#####
### ..# .# .# #


You could see an orc wizard (fast) and an orc.

Vanquished Creatures
  An orc wizard (D:3)
  An adder (D:2)
  An ooze (D:1)
  3 worms (D:2)
  A dart slug (D:1)
  2 leopard geckos
  2 orcs (D:3)
  2 ball pythons
  3 giant cockroaches
  4 hobgoblins
  6 bats
  6 frilled lizards
  8 goblins
  9 kobolds
  9 rats
58 creatures vanquished.

Notes
Turn   | Place    | Note
-------+----------+-------------------------------------------
     0 | D:1      | thiole the Octopode Hedge Wizard began the quest for the
                  | Orb.
     0 | D:1      | Reached XP level 1. HP: 11/11 MP: 4/4
   117 | D:1      | Reached XP level 2. HP: 16/17 MP: 0/6
   715 | D:1      | Reached XP level 3. HP: 8/21 MP: 0/7
  1662 | D:2      | Found a shimmering blue altar of Sif Muna.
  1683 | D:2      | Reached skill level 1 in Fighting
  1911 | D:2      | Found a blossoming altar of Fedhas.
  1943 | D:2      | Reached XP level 4. HP: 29/29 MP: 5/8
  2372 | D:2      | Learned a level 2 spell: Call Imp
  2375 | D:2      | Learned a level 2 spell: Blink
  2745 | D:3      | HP: 1/29 [orc wizard/+0 dagger (3)]
  2745 | D:3      | Mangled by an orc

Illustrated notes

Levels and vault maps discovered:
D:1:      minmay_arrival_four_loops, layout_basic
D:2:      layout_loops_ring, lemuel_doored_altar, overflow_temple_1_default
D:3:      minmay_spotlight, layout_basic, uniq_robin

Skill      XL: |  1  2  3  4 |
---------------+-------------+-----
Conjurations   | 2 3 |  3.0
Fighting       | 1 2 |  2.0
Summonings     | 2 |  2.0
Dodging        | |  2.4
Stealth        | |  2.8
Spellcasting   | |  3.0
Translocations | |  1.0

Action                   |  1- 3 |  4- 6 || total
-------------------------+-------+-------++-------
Melee: Dagger            |    30 |    21 ||    51
       Tentacles         |     7 |     3 ||    10
       Constrict         |     6 |     5 ||    11
 Cast: Magic Dart        |    90 |    37 ||   127
  Use: Potion            |       |     2 ||     2
       Scroll            |       |     1 ||     1
Armor: Skin              |     3 |     1 ||     4
Dodge: Dodged            |    18 |    37 ||    55
